 Dungeon Crawl Stone Soup version 0.27.1-34-g3ba077fa99 (webtiles) character file.

Game seed: 1193131570586290938

1345 MisterFreud the Grappler (level 8, -1/118 HPs)
             Began as a Troll Berserker on Jan 3, 2022.
             Was an Elder of Trog.
             Shot with an arrow by a centaur (9 damage)
             ... on level 5 of the Dungeon.
             The game lasted 00:03:57 (4068 turns).

MisterFreud the Grappler (Troll Berserker)          Turns: 4068, Time: 00:03:58

Health: -1/118     AC:  4    Str: 26    XL:     8   Next: 36%
Magic:  7/7        EV: 10    Int:  5    God:    Trog [****..]
Gold:   202        SH:  0    Dex:  9    Spells: 7/7 levels left

rFire    . . .     SeeInvis .     - Unarmed
rCold    . . .     Faith    .   (no shield)
rNeg     . . .     Spirit   .   a - +0 animal skin
rPois    .         Reflect  .   (helmet restricted)
rElec    .         Harm     .   (no cloak)
rCorr    +         Rampage  .   (gloves unavailable)
Will     ++...                  (boots unavailable)
Stlth    ..........             (no amulet)
HPRegen  2.29/turn              j - ring of resist corrosion
MPRegen  0.10/turn              (no ring)

@: berserking, strong-willed, regenerating, very quick
A: large, unfitting armour, claws 3, regeneration 1, shaggy fur 1, tough skin 1
a: Renounce Religion, Berserk, Trog's Hand, Brothers in Arms


You were on level 5 of the Dungeon.
You worshipped Trog.
Trog was greatly pleased with you.
You visited 1 branch of the dungeon, and saw 5 of its levels.

You collected 202 gold pieces.

Inventory:

Missiles
 h - a throwing net (quivered)
 s - 6 curare-tipped darts
Armour
 a - a +0 animal skin (worn)
Jewellery
 j - a ring of resist corrosion (left claw)
 t - a ring of ice
Wands
 l - a wand of mindburst (10)
 o - a wand of paralysis (9)
Scrolls
 b - 2 scrolls of enchant weapon {unknown}
 c - 2 scrolls of identify {unknown}
 e - a scroll of teleportation {unknown}
 f - 3 scrolls of enchant armour {unknown}
 g - 2 scrolls of blinking {unknown}
 n - a scroll of brand weapon {unknown}
 p - a scroll of immolation {unknown}
 r - a scroll of summoning {unknown}
Potions
 d - a potion of lignification {unknown}
 i - a potion of magic {unknown}
 k - a potion of curing {unknown}
 m - a potion of attraction {unknown}
 q - a potion of flight {unknown}
 u - a potion of might {unknown}


   Skills:
 + Level 4.7 Fighting
 - Level 5.0 Dodging
 - Level 8.0 Unarmed Combat


You had 7 spell levels left.
You didn't know any spells.
Your spell library was empty.

Dungeon Overview and Level Annotations

Branches:
Dungeon (5/15)             Temple (0/1) D:4

Altars:
Elyvilon
Fedhas
Kikubaaqudgha
Uskayaw
Wu Jian
Yredelemnul


Innate Abilities, Weirdness & Mutations

You are too large for most types of armour.
You have claws for hands.
Your natural rate of healing is unusually fast.
You are covered in fur. (AC +1)
You have tough skin. (AC +1)


Message History

The black bear is severely wounded.
The centaur shoots an arrow.
The arrow barely misses you. The black bear bites you.
The black bear claws you.
The black bear claws you but does no damage.
The centaur shoots an arrow.
The arrow barely misses you.
You closely miss the black bear.
The black bear is severely wounded.
The black bear goes berserk!
The centaur shoots an arrow.
The arrow hits you!
You barely miss the black bear.
The black bear is severely wounded.
The black bear bites you but does no damage.
The black bear barely misses you. x2; The centaur shoots an arrow.
The arrow hits you!
You claw the black bear!
The black bear is almost dead.
The black bear barely misses you. The black bear claws you. x2
The black bear misses you. The black bear claws you.
The black bear claws you but does no damage.
The centaur shoots an arrow.
The arrow hits you!
* * * LOW HITPOINT WARNING * * *
The centaur shoots an arrow.
The arrow closely misses you. The black bear barely misses you.
The black bear claws you.
* * * LOW HITPOINT WARNING * * *
The black bear claws you.
* * * LOW HITPOINT WARNING * * *
Your skin crawls.
You feel strong-willed. The black bear misses you.
The black bear closely misses you. x2
A red film seems to cover your vision as you go berserk!
You feel yourself moving faster!
You feel mighty! The black bear bites you!
* * * LOW HITPOINT WARNING * * *
The black bear barely misses you. x2; The black bear bites you.
* * * LOW HITPOINT WARNING * * *
The black bear barely misses you. The black bear claws you.
* * * LOW HITPOINT WARNING * * *
You claw the black bear!
You kill the black bear!
Trog accepts your kill.
The centaur shoots an arrow.
The arrow hits you!
You die...

#.......# # #.......#
####.## ###.......###
....... ............
.....># #...c...# ......#
####[......# ####...
...........##.#
####.#.#####.# ##
#######.#@# #.#########.
........>.# #.##........
#######.### #.##.######.
#### #######.#######.##.##
#. ...#
................#...## #.
##.#
.#...................####.
#.#
#.#####..#.##............
#.#
###.#####..#.##.(..........
#.#
#..........#.###>......####


You could see a centaur.

Vanquished Creatures
  2 black bears (D:5)
  3 ogres
  2 centaurs
  2 kobold brigands (D:5)
  4 killer bees (D:5)
  2 centaur zombies (D:5)
  3 hounds
  A jelly (D:2)
  An orc priest (D:2)
  3 iguanas (D:4)
  An orc wizard (D:2)
  A hound skeleton (D:4)
  3 gnolls (D:2)
  5 adders
  An ufetubus (D:4)
  4 worms
  4 dart slugs
  9 orcs
  3 bats (D:2)
  10 endoplasms
  2 giant cockroaches
  9 hobgoblins
  3 jackals (D:1)
  3 quokkas
  3 ball pythons
  3 frilled lizards
  14 goblins
  9 kobolds
  3 rats
113 creatures vanquished.

Vanquished Creatures (others)
  7 plants (D:4)
  3 withered plants (D:4)
10 creatures vanquished.

Grand Total: 123 creatures vanquished

Notes
Turn   | Place    | Note
-------+----------+-------------------------------------------
     0 | D:1      | MisterFreud the Troll Berserker began the quest for the
                  | Orb.
     0 | D:1      | Reached XP level 1. HP: 22/22 MP: 0/0
   137 | D:1      | Reached XP level 2. HP: 29/29 MP: 1/1
   698 | D:2      | Reached XP level 3. HP: 36/36 MP: 2/2
   704 | D:2      | Reached skill level 4 in Unarmed Combat
   727 | D:2      | Reached ** piety under Trog
   852 | D:2      | Reached XP level 4. HP: 34/44 MP: 3/3
   904 | D:2      | Found a faded altar of an unknown god.
   973 | D:2      | Reached skill level 5 in Unarmed Combat
  1256 | D:2      | Reached XP level 5. HP: 50/50 MP: 4/4
  1589 | D:3      | Reached skill level 6 in Unarmed Combat
  1733 | D:3      | Reached *** piety under Trog
  2308 | D:4      | Found an ancient bone altar of Kikubaaqudgha.
  2330 | D:4      | Reached XP level 6. HP: 59/59 MP: 5/5
  2421 | D:4      | Reached skill level 7 in Unarmed Combat
  2766 | D:4      | Reached XP level 7. HP: 24/66 MP: 6/6
  2986 | D:4      | Found a staircase to the Ecumenical Temple.
  2994 | D:4      | Reached skill level 8 in Unarmed Combat
  3323 | D:5      | Entered Level 5 of the Dungeon
  3406 | D:5      | Found an ornate altar of the Wu Jian Council.
  3699 | D:5      | Reached skill level 5 in Dodging
  3699 | D:5      | Reached XP level 8. HP: 59/75 MP: 7/7
  3717 | D:5      | Found a blossoming altar of Fedhas.
  3718 | D:5      | Found a white marble altar of Elyvilon.
  3718 | D:5      | Found a hide-covered altar of Uskayaw.
  3759 | D:5      | Reached **** piety under Trog
  3947 | D:5      | Found a basalt altar of Yredelemnul.
  4068 | D:5      | Shot with an arrow by a centaur

Illustrated notes

Levels and vault maps discovered:
D:1:      dpeg_arrival_short_road, layout_loops_cross
D:2:      layout_loops_corners, basic_ecumenical_altar, minmay_misc_feat_room,
          minmay_unequal
D:3:      layout_loops_ring, grunt_ministairs_7, chequers_serial_rivers_large_a
D:4:      wad_lake_hut, layout_basic, kiku_gazebo_garden_becter,
          minmay_temple_entry_offerings
D:5:      cheibrodos_thug_alley, layout_loops_ring,
          nicolae_overflow_crystal_walls, pdpol_wu_jian_five_deadly_venoms,
          chequers_temple_overflow_statue_of_worship

Skill      XL: |  1  2  3  4  5  6  7  8 |
---------------+-------------------------+-----
Unarmed Combat | 4 5 6 7 8 |  8.0
Dodging        | 5 |  5.0
Fighting       | 3 4 |  4.7

Action                   |  1- 3 |  4- 6 |  7- 9 || total
-------------------------+-------+-------+-------++-------
Melee: Unarmed           |    74 |   132 |   106 ||   312
       Punch             |       |     8 |     1 ||     9
Invok: Berserk           |       |     1 |     1 ||     2
       Trog's Hand       |       |       |     1 ||     1
Armor: Animal skin       |    14 |    31 |    39 ||    84
Dodge: Dodged            |    44 |    61 |    70 ||   175
